 Dungeon Crawl Stone Soup version 0.31-a0-150-g89dc3ad700 (webtiles) character file.

Game seed: 15346553729490832844

86 qw the Shooter (level 4, -1/28 HPs)
             Began as a Gargoyle Hunter on June 8, 2023.
             Slain by a goblin
             ... wielding a +0 dagger
             ... led by Robin
              (2 damage)
             ... on level 2 of the Dungeon.
             The game lasted 00:00:38 (1126 turns).

qw the Shooter (Gargoyle Hunter)                    Turns: 1126, Time: 00:00:38

Health: -1/28      AC:  6    Str: 14    XL:     4   Next: 49%
Magic:  4/4        EV: 11    Int: 10    God:
Gold:   80         SH:  0    Dex: 15    Spells: 3/3 levels left

rFire   . . .        Y - +0 shortbow
rCold   . . .        (shield currently unavailable)
rNeg    + . .        c - +0 leather armour
rPois   inf          (no helmet)
rElec   +            (no cloak)
rCorr   .            (no gloves)
SInv    +            (no boots)
Will    +....        (no amulet)
Stlth   ++           e - ring of see invisible
HPRegen 0.24/turn    k - ring of willpower
MPRegen 0.09/turn

%: no passive effects
@: no status effects
A: sickness immunity, AC +3, negative energy resistance 1, electricity
resistance, torment resistance 1, petrification resistance
a: no special abilities


You were on level 2 of the Dungeon.
You visited 1 branch of the dungeon, and saw 3 of its levels.

You collected 80 gold pieces.


Innate Abilities, Weirdness & Mutations

You are immune to sickness and miasma.
Your stone body is resilient. (AC +3)
You are immune to poison.
You resist negative energy. (rN+)
You are resistant to electric shocks. (rElec)
You are resistant to unholy torment.
You are immune to petrification.


   Skills:
 - Level 3.0 Fighting
 + Level 5.4 Ranged Weapons
 - Level 1.5 Dodging
 - Level 1.1 Stealth


You had 3 spell levels left.
You didn't know any spells.
Your spell library was empty.

Inventory:

Hand Weapons
 Y - a +0 shortbow (weapon)
Armour
 c - a +0 leather armour (worn)
Jewellery
 e - a ring of see invisible (left hand)
 k - a ring of willpower (right hand)
Scrolls
 b - 3 scrolls of fog {unknown}
 d - a scroll of enchant armour
Potions
 a - a potion of curing {unknown}
 h - 2 potions of magic {unknown}
 j - a potion of enlightenment {unknown}

Dungeon Overview and Level Annotations

Branches:
Dungeon (3/15)

Altars:
Yredelemnul

Annotations:
D:2 Robin


Message History

The hobgoblin is moderately wounded.
Robin hits you but does no damage. The hobgoblin barely misses you.
The goblin hits you with a +2 dagger of draining.
The goblin hits you but does no damage. The goblin hits you with a +0 club.
You shoot an arrow.
The arrow hits the hobgoblin but does no damage.
The hobgoblin is moderately wounded.
The hobgoblin closely misses you. The goblin misses you.
The goblin hits you with a +0 dagger. The goblin hits you with a +0 club.
You shoot an arrow. The arrow barely misses the hobgoblin.
Robin hits you but does no damage. The hobgoblin hits you.
The goblin closely misses you. The goblin barely misses you.
The goblin hits you with a +0 club.
You shoot an arrow. The arrow hits the hobgoblin.
The hobgoblin is heavily wounded.
Robin barely misses you.
The hobgoblin hits you but does no damage.
The goblin barely misses you. The goblin closely misses you.
The goblin hits you with a +0 club. Robin closely misses you.
The goblin closely misses you. The goblin hits you but does no damage.
The hobgoblin hits you.
You shoot an arrow. The arrow barely misses the hobgoblin.
The goblin barely misses you. The hobgoblin closely misses you.
The goblin closely misses you.
Robin roars a battlecry!
The goblins go into a battle-frenzy!
The goblin closely misses you.
You shoot an arrow. The arrow closely misses the hobgoblin.
The goblin hits you but does no damage. The hobgoblin closely misses you.
The goblin hits you but does no damage. Robin misses you.
The goblin closely misses you.
You shoot an arrow.
The arrow completely misses the hobgoblin.
The goblin hits you but does no damage. The hobgoblin misses you.
The goblin hits you with a +2 dagger of draining.
The goblin hits you but does no damage.
You shoot an arrow. The arrow closely misses the hobgoblin.
The goblin hits you with a +0 club. The hobgoblin completely misses you.
Robin barely misses you. The goblin hits you with a +0 dagger.
You die...

#.........# #..........# #
#........:# ###....###.# #
####.........# ####....###.# #
#..'.........+ ..........#.# #
#.##.........#######).......# #
#)##.............# #........# #
#.##############.###........# #
#.##############ggg#........#####
#.#....^.......g@gg..............
#.#.........#######.#####........
#.#.........# #).# #........
#.#......)..# #.g# #........
#.###...#'### ... #........ #.#
#...#.# gg)# ######### #.#
#...#.# ...+ # #.# #().#.# ...#
.. # #.# #...#.# ... #


You could see Robin, 2 hobgoblins and 3 goblins.

Vanquished Creatures
  4 adders (D:2)
  A dart slug (D:2)
  A ball python (D:1)
  5 endoplasms (D:1)
  8 goblins
  3 hobgoblins
  3 jackals (D:2)
  A quokka (D:1)
  5 bats
  2 frilled lizards (D:1)
  7 kobolds
  5 rats
45 creatures vanquished.

Notes
Turn   | Place    | Note
-------+----------+-------------------------------------------
     0 | D:1      | qw the Gargoyle Hunter began the quest for the Orb.
     0 | D:1      | Reached XP level 1. HP: 12/12 MP: 1/1
     0 | D:1      | 0 ||| qw: Version: 0.2-a-119-g7aa9181
     0 | D:1      | 0 ||| qw: Game counter: 2838
     0 | D:1      | 0 ||| qw: Always use a shield: true
     0 | D:1      | 0 ||| qw: God list: Okawaru
     0 | D:1      | 0 ||| qw: Allow faded altars: false
     0 | D:1      | 0 ||| qw: Do Orc after D:15 true
     0 | D:1      | 0 ||| qw: Do second Lair branch before Depths: true
     0 | D:1      | 0 ||| qw: Lair rune preference: random
     0 | D:1      | 0 ||| qw: Plans: Normal
     0 | D:1      | 0 ||| PLANNING D:1-11
    75 | D:1      | Reached XP level 2. HP: 17/17 MP: 2/2
   601 | D:1      | Reached XP level 3. HP: 21/21 MP: 3/3
   615 | D:1      | 615 ||| DROPPING amulet of magic regeneration.
   616 | D:1      | 616 ||| UPGRADING to ring of see invisible.
   617 | D:1      | 617 ||| UPGRADING to ring of willpower.
   618 | D:1      | 618 ||| READING scroll labelled COQEDGH HUEM.
   619 | D:1      | 619 ||| READING scroll labelled QEENER TUOSM.
   623 | D:1      | 623 ||| READING scroll labelled AQUTYT OGYFI.
   624 | D:1      | 624 ||| DROPPING scroll of butterflies.
   671 | D:2      | Reached skill level 5 in Ranged Weapons
   673 | D:2      | You fall into a shaft and drop 1 floor!
   679 | D:3      | 679 ||| STAIRDANCE
   733 | D:2      | Reached skill level 3 in Fighting
   794 | D:2      | Reached XP level 4. HP: 28/28 MP: 4/4
   908 | D:2      | Found a basalt altar of Yredelemnul.
  1101 | D:2      | Noticed Robin
  1102 | D:2      | 1102 ||| Stepping ~*~*~tactically~*~*~ (outnumbered).
  1104 | D:2      | 1104 ||| Stepping ~*~*~tactically~*~*~ (outnumbered).
  1109 | D:2      | 1109 ||| Stepping ~*~*~tactically~*~*~ (outnumbered).
  1110 | D:2      | 1110 ||| Stepping ~*~*~tactically~*~*~ (outnumbered).
  1121 | D:2      | HP: 7/28 [goblin/+0 club[Robin] (3)]
  1122 | D:2      | HP: 3/28 [hobgoblin[Robin] (1)]
  1126 | D:2      | HP: 1/28 [goblin/+0 club[Robin] (2)]
  1126 | D:2      | Slain by a goblin

Levels and vault maps discovered:
D:1:      shiori_arrival_oz, layout_loops_cross, minmay_misc_feat_plants,
          minmay_tromino_i4
D:2:      layout_basic, basic_altar, uniq_robin
D:3:      layout_basic, okawaru_altar_gauntlet_db

Skill      XL: |  1  2  3 |
---------------+----------+-----
Ranged Weapons | 5 |  5.4
Fighting       | 3 |  3.0
Dodging        | |  1.5
Stealth        | |  1.1

Action                     |  1- 3 |  4- 6 || total
---------------------------+-------+-------++-------
   Fire: Shortbow          |   115 |    40 ||   155
    Use: Scroll            |     3 |       ||     3
 Armour: Leather armour    |    17 |    21 ||    38
  Dodge: Dodged            |    24 |    38 ||    62

Table legend:
 A = Non-vault XP
 B = Vault XP
 C = Vault XP percentage of total XP
 D = Non-vault monster count
 E = Vault monster count
 F = Vault count percentage of total count
                 A         B        C        D         E       F
            +---------+---------+-------+---------+---------+-------
      Total |     106 |      17 |  13.8 |      35 |      10 |  22.2
            +---------+---------+-------+---------+---------+-------
        D:1 |      27 |       7 |  20.6 |      18 |       5 |  21.7
        D:2 |      79 |      10 |  11.2 |      17 |       5 |  22.7
            +---------+---------+-------+---------+---------+-------
